 Dungeon Crawl Stone Soup version 0.18-a0-1147-g8e8348b (webtiles) character file.

18 namelastname112 the Scratcher (level 2, 0/12 HPs)
             Began as a Felid Transmuter on Jan 23, 2016.
             Slain by an adder zombie (4 damage)
             ... on level 1 of the Dungeon.
             The game lasted 00:01:16 (421 turns).

namelastname112 the Scratcher (Felid Transmuter)     Turns: 421, Time: 00:01:16

Health: 0/12       AC:  1    Str:  6    XL:     2   Next: 48%
Magic:  5/6        EV: 18    Int: 14    God:
Gold:   8          SH:  0    Dex: 16    Spells: 2 memorised, 2 levels left
                                        Lives:  0   Deaths: 0

rFire  . . .     SeeInvis +       - Unarmed
rCold  + . .     Gourm    .     (armour unavailable)
rNeg   . . .     Faith    .     (shield unavailable)
rPois  .         Spirit   .     (helmet unavailable)
rElec  .         Dismiss  .     (cloak unavailable)
rCorr  .         Reflect  .     (gloves unavailable)
SustAt .         Harm     .     (boots unavailable)
MR     .....                    (no amulet)
Stlth  ++........               (no ring)
                                f - ring of protection from cold

@: appendage, quick, not resistant to hostile enchantments, unstealthy
A: no armour, no weapons or thrown items, claws 1, fangs 3, horns 2, see
invisible, carnivore 3, speed 1, shaggy fur 1, slow metabolism 1, sharp paws
a: End Transformation


You were on level 1 of the Dungeon.
You were full.
You had grown temporary horns.
You visited 1 branch of the dungeon, and saw 1 of its levels.

You collected 8 gold pieces.

Inventory:

Missiles
 a - 28 arrows
Jewellery
 f - a ring of protection from cold (left paw)
Scrolls
 e - a scroll of random uselessness {unknown}
 g - a scroll of fog {unknown}
Potions
 d - a potion of resistance {unknown}
Books
 b - a book of Changes

   Spells                             Type                      Level
   a - Beastly Appendage              Transmutation                1
   b - Sticks to Snakes               Transmutation                2
   c - Spider Form                    Transmutation/Poison         3
   d - Ice Form                       Ice/Transmutation            4
   e - Blade Hands                    Transmutation                5
Comestibles
 c - a meat ration


   Skills:
 - Level 1.0 Fighting
 - Level 2.6 Dodging
 + Level 3.0 Unarmed Combat
 * Level 2.3 Spellcasting
 * Level 2.9 Transmutations


You had 2 spell levels left.
You knew the following spells:

 Your Spells              Type           Power        Failure   Level  Hunger
a - Beastly Appendage     Trmt           ##....       10%         1    #......
x - Sticks to Snakes      Trmt           ##......     12%         2    ###....


Dungeon Overview and Level Annotations

Branches:
Dungeon (1/15)

Altars:


Innate Abilities, Weirdness & Mutations

You cannot wear armour.
You are incapable of wielding weapons or throwing items.
You have sharp claws.
You have razor-sharp teeth.
You have supernaturally acute eyesight.
You are carnivorous and can eat meat at any time.
You cover ground quickly.
You are covered in fur (AC +1).
You have a slow metabolism.
Your sharp claws are effective at attacking unaware monsters.
You have a pair of horns on your head.


Message History

Your transformation is almost over.
The adder zombie bites you but does no damage.
There is a large open door here.
There is a large open door here.
Your horns disappear.
Casting: Beastly Appendage
Confirm with . or Enter, or press ? or * to list all spells.
You grow a pair of large bovine horns.
You scratch the adder zombie but do no damage.
The adder zombie closely misses you.
You claw the adder zombie! Your headbutt misses the adder zombie.
You bite the adder zombie, but do no damage.
The adder zombie misses you.
You closely miss the adder zombie. Your headbutt misses the adder zombie.
The adder zombie closely misses you.
You barely miss the adder zombie. Your headbutt misses the adder zombie.
Your bite misses the adder zombie. The adder zombie misses you.
You scratch the adder zombie but do no damage.
The adder zombie bites you.
You die...

#........#..####.####
#..#####.#..####....#
#..# #..........#.# #..##
#.....##....#.
#.##...####..........#.#
#.............#..####.#.#
#.###...#####(#.....#.# #
#########(.≈≈≈≈≈≈≈≈≈#
#.@Z..)##≈#######≈#
#####...#≈# # #.......>≈#
#####...#≈# ##.##≈###+# #
#.##≈#≈#.##♣♣. ###.##≈♣
8.#♣≈(. #.....≈# #.8#.).
####.#.#.≈###.##...


You could see an adder zombie.

Vanquished Creatures
  An ooze (D:1)
  2 giant cockroaches (D:1)
  3 kobolds (D:1)
  3 bats (D:1)
  A giant newt (D:1)
  A quokka zombie (D:1)
  3 rats (D:1)
14 creatures vanquished.

Notes
Turn   | Place    | Note
--------------------------------------------------------------
     0 | D:1      | namelastname112 the Felid Transmuter began the quest for the Orb.
     0 | D:1      | Reached XP level 1. HP: 9/9 MP: 4/4
    36 | D:1      | Reached XP level 2. HP: 12/12 MP: 4/6
   216 | D:1      | Learned a level 2 spell: Sticks to Snakes
   421 | D:1      | Slain by an adder zombie

Vault maps used:
D:1:      saegor_arrival_fortress, minmay_misc_feat_rugged

Action                   || total
-------------------------++-------
Melee: Unarmed           ||    42
 Cast: Beastly Appendage ||     4
  Eat: Chunk             ||     3
